 Dungeon Crawl Stone Soup version 0.20-b1-2-gc5a9893 (webtiles) character file.

5505 mike2R the Summoner (level 10, -9/68 HPs)
             Began as a Merfolk Summoner on May 21, 2017.
             Was a Believer of Ashenzari.
             Mangled by a sixfirhy (10 damage)
             ... on level 9 of the Dungeon on May 22, 2017.
             The game lasted 01:44:12 (10729 turns).

mike2R the Summoner (Merfolk Summoner)             Turns: 10729, Time: 01:44:13

Health: -9/68      AC: 11    Str: 10    XL:     10   Next: 70%
Magic:  1/17       EV: 20    Int: 23    God:    Ashenzari [**....]
Gold:   555        SH:  0    Dex: 17    Spells: 1/18 levels left

rFire    . . .     SeeInvis .   a - +4 spear (venom) (curse)
rCold    + . .     Gourm    .   (no shield)
rNeg     . . .     Faith    .   h - +2 leather armour (curse)
rPois    .         Spirit   .   y - +2 helmet (curse)
rElec    .         Reflect  .   C - +0 cloak (curse)
rCorr    .         Harm     .   (no gloves)
MR       .....                  I - +0 pair of boots (curse)
Stlth    +++.......             (no amulet)
Regen    0.3/turn               m - ring of protection from cold (curse)
MPRegen  0.2/turn               N - +6 ring of intelligence (curse)

@: agile, very slightly contaminated
A: change form in water, swift swim, stealthy swim, clumsy 1, shaggy fur 1,
sturdy frame 1
a: Curse Item, Scrying, Renounce Religion


You were on level 9 of the Dungeon.
You worshipped Ashenzari.
Ashenzari was pleased with you.
You were hungry.

You visited 2 branches of the dungeon, and saw 10 of its levels.
You also visited: Bailey.

You collected 667 gold pieces.
You spent 112 gold pieces at shops.

Inventory:

Hand Weapons
 a - a cursed +4 spear of venom (weapon)
 e - the +6 war axe "Sarcophage" {drain, +Inv MR- Str+5}
   (You found it on level 5 of the Dungeon)

   A truly terrible weapon, it drains the life of those it strikes.
   It affects your strength (+5).
   It affects your resistance to hostile enchantments.
   It lets you turn invisible.
 B - a +3 demon blade of electrocution
Missiles
 g - 187 arrows
 O - 29 tomahawks of returning (quivered)
Armour
 d - a +0 robe
 h - a cursed +2 leather armour (worn)
 u - a +0 scale mail
 y - a cursed +2 helmet (worn)
 C - a cursed +0 cloak (worn)
 D - the +0 ring mail of Lies {rElec rPois Regen+}
   (You found it on level 6 of the Dungeon)

   It insulates you from electricity.
   It protects you from poison.
   It increases your rate of regeneration.
 H - a +2 ring mail of fire resistance
 I - a cursed +0 pair of boots (worn)
Jewellery
 m - a cursed ring of protection from cold (left hand)
 N - a cursed +6 ring of intelligence (right hand)
Wands
 v - a wand of polymorph (24/24)
 P - a wand of disintegration (14/24)
Scrolls
 f - 2 scrolls of remove curse
 i - a scroll of recharging
 r - 2 scrolls of teleportation
 A - a scroll of fear {unknown}
 F - a scroll of amnesia {unknown}
 G - a scroll of fog
 R - a scroll of enchant weapon
Potions
 k - a potion of heal wounds
 l - 3 potions of haste
 o - 4 potions of flight
 p - a potion of cancellation
 q - a potion of ambrosia
 s - 2 potions of brilliance
 t - 2 potions of lignification
 w - 2 potions of curing
 K - a potion of resistance
 M - 2 potions of invisibility
 Q - 2 potions of mutation
Books
 b - a book of Callings

   Spells                             Type                      Level
   a - Summon Small Mammal            Summoning                    1
   b - Call Imp                       Summoning                    2
   c - Call Canine Familiar           Summoning                    3
   d - Summon Guardian Golem          Hexes/Summoning              3
   e - Summon Lightning Spire         Summoning/Air                4
   f - Summon Ice Beast               Ice/Summoning                4
 L - a book of Geomancy

   Spells                             Type                      Level
   a - Sandblast                      Earth                        1
   b - Passwall                       Transmutation/Earth          2
   c - Stone Arrow                    Conjuration/Earth            3
   d - Petrify                        Transmutation/Earth          4
   e - Lee's Rapid Deconstruction     Earth                        5
Comestibles
 c - 9 bread rations
 j - 15 fruits
 n - 7 meat rations
 z - 11 royal jellies


   Skills:
 + Level 2.4 Fighting
 - Level 11.7(13.7) Polearms
 + Level 1.6 Armour
 + Level 4.2(5.6) Dodging
 - Level 2.1(3.3) Stealth
 - Level 4.8 Spellcasting
 - Level 11.9(13.1) Summonings


You had one spell level left.
You knew the following spells:

 Your Spells              Type           Power        Failure   Level  Hunger
a - Summon Small Mammal   Summ           ####         1%          1    None
b - Call Imp              Summ           ######..     1%          2    None
c - Call Canine Familiar  Summ           ######..     1%          3    ##.....
d - Summon Guardian Gole  Hex/Summ       #####...     1%          3    ##.....
e - Summon Ice Beast      Ice/Summ       #####...     7%          4    ####...
f - Summon Lightning Spi  Summ/Air       #####...     7%          4    ####...


Dungeon Overview and Level Annotations

Branches:
Dungeon (9/15)             Temple (1/1) D:6
   Lair: D:8-11         Orc: D:9-12

Altars:
Ashenzari
Cheibriados
Dithmenos
Elyvilon
Fedhas
Gozag
Hepliaklqana
Kikubaaqudgha
Makhleb
Nemelex Xobeh
Okawaru
Qazlal
Ru
Sif Muna
Trog
Uskayaw
Vehumet
Xom
Yredelemnul
Zin
The Shining One

Shops:
D:5 *   D:7 }


Innate Abilities, Weirdness & Mutations

You revert to your normal form in water.
You are very nimble and swift while swimming.
You are very stealthy in the water. (Stealth+)
You are clumsy. (Dex -2)
You are covered in fur. (AC +1)
Your movements are slightly less encumbered by armour. (ER -2)


Message History

The sixfirhy hits your guardian golem!
Your guardian golem is destroyed!
The sixfirhy hits you!
* * * LOW HITPOINT WARNING * * *
The sixfirhy shocks you!
* * * LOW HITPOINT WARNING * * *
The sixfirhy barely misses you.
Your ice beast hits the sixfirhy.
Your ice beast freezes the sixfirhy!
You feel much better.
Your ice beast hits the sixfirhy but does no damage.
All of the chunks of flesh in your inventory have rotted away.
Your ice beast misses the sixfirhy.
You see here a cursed +0 plate armour.
The sixfirhy misses you. The sixfirhy hits you! The sixfirhy shocks you!
* * * LOW HITPOINT WARNING * * *
The sixfirhy misses you. The sixfirhy closely misses you.
The sixfirhy hits you!
* * * LOW HITPOINT WARNING * * *
The sixfirhy shocks you!
You die...

########### #....[#
#.........# ###.....#
#........?###.......#
#.........##..#.....#
#............##.....###
#.........Y............
#.........#####.....#..
#....%..[)# #.....###
#...<.@3..# #####....
#.........# #.###
########### *#.#
*,...,, * ....** *
...##* ..##* ### ,


You could see a sixfirhy and a friendly ice beast.

Vanquished Creatures
  A human (D:8)
  4 hogs (D:8)
  A water moccasin (D:9)
  An orc warrior (Bailey)
  2 sky beasts
  A phantom (D:6)
  A black bear (D:8)
  2 ogres (D:4)
  A necrophage (D:6)
  2 centaurs
  2 bullfrogs
  An elf zombie (D:5)
  2 elf skeletons (D:5)
  2 howler monkeys (D:7)
  3 crimson imps
  An orc priest (D:5)
  2 hounds (D:5)
  3 orc wizards
  Crazy Yiuf (D:4)
  A bullfrog skeleton (D:4)
  3 human skeletons (D:5)
  Terence (D:3)
  3 worker ants
  A hound zombie (D:8)
  7 adders
  6 gnolls
  A shadow imp (D:8)
  A worm (D:3)
  A dart slug (D:2)
  2 leopard geckos
  17 orcs
  A ball python (D:3)
  A giant cockroach (D:1)
  8 goblins
  13 hobgoblins
  4 jackals
  6 quokkas
  6 bats
  2 frilled lizards
  6 kobolds
  A leopard gecko skeleton (D:5)
  An orc zombie (D:5)
  15 rats
141 creatures vanquished.

Vanquished Creatures (collateral kills)
  A two-headed ogre (D:8)
  Erica (D:8)
  The ghost of Fingolfin the Carver, a novice HaFi of Zin (D:7)
  A troll (D:9)
  3 hippogriffs
  Sigmund (D:4)
  Menkaure (D:7)
  Purgy (D:3)
  An ice beast (D:8)
  4 orc warriors
  A sky beast (D:5)
  A necrophage (D:9)
  A phantom (D:4)
  4 ogres
  A centaur (D:8)
  2 bullfrogs
  A howler monkey (D:7)
  A crimson imp (D:7)
  2 bullfrog zombies
  A centaur zombie (D:8)
  2 orc priests
  2 hounds
  2 human zombies (D:5)
  A centaur skeleton (D:7)
  An iguana (D:5)
  2 orc wizards (D:4)
  A human skeleton (D:5)
  A worker ant zombie (D:8)
  Robin (D:3)
  3 gnolls
  6 adders
  An ooze (D:2)
  3 worms
  A dart slug (D:2)
  A leopard gecko (D:7)
  15 orcs
  2 giant cockroaches
  15 goblins
  3 hobgoblins
  7 jackals
  14 kobolds
  A quokka (D:6)
  A ball python (D:1)
  3 bats
  4 frilled lizards
  An orc zombie (D:5)
  8 rats
132 creatures vanquished.

Grand Total: 273 creatures vanquished

Notes
Turn   | Place    | Note
-------+----------+-------------------------------------------
     0 | D:1      | mike2R the Merfolk Summoner began the quest for the Orb.
     0 | D:1      | Reached XP level 1. HP: 13/13 MP: 3/3
   350 | D:1      | Reached XP level 2. HP: 19/19 MP: 0/5
   366 | D:1      | Learned a level 2 spell: Call Imp
  1399 | D:2      | Reached XP level 3. HP: 24/24 MP: 1/6
  1472 | D:2      | Learned a level 3 spell: Call Canine Familiar
  1606 | D:2      | Found a shattered altar of Ashenzari.
  1691 | D:2      | Found a hazy altar of Hepliaklqana.
  1720 | D:2      | Became a worshipper of Ashenzari the Shackled
  2171 | D:3      | Reached XP level 4. HP: 30/30 MP: 1/8
  2235 | D:3      | Reached skill level 5 in Summonings
  2240 | D:3      | Learned a level 3 spell: Summon Guardian Golem
  2582 | D:3      | Noticed Robin
  3072 | D:3      | Reached XP level 5. HP: 32/35 MP: 2/9
  3158 | D:3      | Killed Robin
  3158 | D:3      | Reached skill level 1 in Polearms
  3635 | D:3      | Noticed Terence
  3655 | D:3      | Killed Terence
  3785 | D:3      | Noticed Purgy
  3812 | D:3      | Killed Purgy
  3812 | D:3      | Reached skill level 5 in Polearms
  3812 | D:3      | Reached XP level 6. HP: 41/41 MP: 1/10
  3812 | D:3      | HP: 1/41 [guardian golem/exploding inner flame[the player character] (40)]
  4212 | D:4      | Noticed Sigmund
  4238 | D:4      | Killed Sigmund
  4455 | D:4      | Reached XP level 7. HP: 46/46 MP: 5/13
  4476 | D:4      | Learned a level 4 spell: Summon Ice Beast
  5115 | D:4      | Reached * piety under Ashenzari
  5292 | D:4      | Found a runed door.
  5299 | D:4      | Noticed Crazy Yiuf
  5307 | D:4      | Killed Crazy Yiuf
  5447 | D:5      | Entered Level 5 of the Dungeon
  5628 | D:5      | Found a sand-covered staircase.
  5658 | D:5      | Reached XP level 8. HP: 49/52 MP: 12/15
  6071 | D:5      | Found a hide-covered altar of Uskayaw.
  6078 | D:5      | Found Tokooqots's General Store.
  6102 | D:5      | Bought a scroll of enchant armour for 112 gold pieces
  6500 | D:5      | Identified the +6 war axe "Sarcophage" {drain, +Inv MR- Str+5}
  7261 | D:6      | Found a staircase to the Ecumenical Temple.
  7276 | Temple   | Entered the Ecumenical Temple
  7923 | D:6      | Reached skill level 10 in Summonings
  7923 | D:6      | Reached XP level 9. HP: 47/57 MP: 16/16
  7929 | D:6      | Learned a level 4 spell: Summon Lightning Spire
  7986 | D:6      | Identified the +0 ring mail of Lies {rElec rPois Regen+}
  8262 | D:7      | Noticed Menkaure
  8287 | D:7      | Killed Menkaure
  8517 | D:7      | Found Iluittil's Gadget Shop.
  8580 | D:7      | Noticed Fingolfin's ghost (novice HaFi)
  8631 | D:7      | Killed Fingolfin's ghost
  8750 | D:7      | Noticed a sixfirhy
  8846 | D:7      | Found a runed door.
  8861 | D:7      | HP: 2/57 [sixfirhy (12)]
  9419 | D:8      | Found a flagged portal.
  9477 | Bailey   | Entered a bailey
  9685 | Bailey   | Found an iron altar of Okawaru.
  9804 | D:8      | Reached ** piety under Ashenzari
  9815 | D:8      | Noticed Erica
  9825 | D:8      | Killed Erica
  9825 | D:8      | Reached XP level 10. HP: 63/63 MP: 6/17
  9979 | D:8      | Found a blossoming altar of Fedhas.
 10016 | D:8      | Reached skill level 10 in Polearms
 10195 | D:8      | Noticed a two-headed ogre
 10207 | D:8      | Killed a two-headed ogre
 10337 | D:8      | Reached skill level 1 in Fighting
 10390 | D:8      | Gained mutation: You are covered in fur. (AC +1) [potion of mutation]
 10390 | D:8      | Gained mutation: You are clumsy. (Dex -2) [potion of mutation]
 10390 | D:8      | Gained mutation: Your movements are slightly less encumbered by armour. (ER -2) [potion of mutation]
 10433 | D:8      | Reached skill level 1 in Armour
 10729 | D:9      | HP: 1/68 [sixfirhy (12)]
 10729 | D:9      | Mangled by a sixfirhy

Skill      XL: |  1  2  3  4  5  6  7  8  9 10 |
---------------+-------------------------------+-----
Spellcasting   | 3 4 |  4.8
Summonings     | 5 7 10 11 | 11.9
Polearms       | 5 9 11 | 11.7
Dodging        | 4 |  4.2
Fighting       | 2 |  2.4
Armour         | 1 |  1.6
Stealth        | |  2.1

Action                   |  1- 3 |  4- 6 |  7- 9 | 10-12 || total
-------------------------+-------+-------+-------+-------++-------
Melee: Short sword       |    19 |       |       |       ||    19
       Spear             |    28 |   112 |   457 |   111 ||   708
Throw: Stone             |     3 |     4 |     6 |       ||    13
 Cast: Summon Small Mamm |    24 |     3 |     2 |       ||    29
       Call Imp          |    31 |    10 |    32 |     4 ||    77
       Call Canine Famil |     2 |    17 |    20 |     4 ||    43
       Summon Guardian G |       |     9 |    15 |     4 ||    28
       Summon Ice Beast  |       |       |    14 |     7 ||    21
       Summon Lightning  |       |       |     4 |       ||     4
Invok: Curse Item        |     1 |       |     6 |       ||     7
       Scrying           |       |       |     2 |       ||     2
Evoke: Phantom mirror    |       |       |       |     1 ||     1
  Use: Potion            |     2 |     1 |     5 |     3 ||    11
       Scroll            |       |     4 |    13 |     1 ||    18
 Stab: Sleeping          |     2 |     1 |    10 |       ||    13
       Distracted        |     2 |     1 |     8 |       ||    11
  Eat: Chunk             |     7 |     9 |    21 |     4 ||    41
       Fruit             |       |     2 |     2 |       ||     4
Armor: Robe              |     1 |       |       |       ||     1
       Leather armour    |    10 |    17 |    62 |    12 ||   101
Dodge: Dodged            |    36 |    30 |   135 |    47 ||   248
